 Dungeon Crawl Stone Soup version 0.22-a0-322-g60b3cfd (webtiles) character file.

3833 sankara the Grappler (level 10, -12/81 HPs)
             Began as a Ghoul Monk on Apr 2, 2018.
             Was a Believer of Yredelemnul.
             Mangled by a two-headed ogre
             ... wielding a +0 giant spiked club
              (29 damage)
             ... on level 9 of the Dungeon on Apr 3, 2018.
             The game lasted 00:29:23 (7653 turns).

sankara the Grappler (Ghoul Monk)                   Turns: 7653, Time: 00:29:24

Health: -12/81     AC: 13    Str: 19    XL:     10   Next: 18%
Magic:  12/12      EV:  7    Int:  5    God:    Yredelemnul [**....]
Gold:   376        SH:  0    Dex: 14    Spells: 9/9 levels left

rFire    . . .     SeeInvis .     - Unarmed
rCold    + . .     Gourm    .   (no shield)
rNeg     + + +     Faith    .   G - +0 plate armour
rPois    ∞         Spirit   .   (no helmet)
rElec    .         Reflect  .   (no cloak)
rCorr    .         Harm     .   y - +0 pair of gloves
MR       .....                  (no boots)
Stlth    ..........             (no amulet)
HPRegen  0.00/turn              I - +3 ring of strength
MPRegen  0.13/turn              (no ring)

@: rotting
A: rotting body, claws 1, carnivore, cold resistance 1, negative energy
resistance 3, inhibited regeneration, torment resistance, unbreathing
a: Animate Remains, Recall Undead Slaves, Injury Mirror, Renounce Religion


You were on level 9 of the Dungeon.
You worshipped Yredelemnul.
Yredelemnul was pleased with you.
You were not hungry.

You visited 2 branches of the dungeon, and saw 10 of its levels.

You collected 376 gold pieces.

Inventory:

Hand Weapons
 u - a +1 hunting sling of flaming
   (You found it on level 4 of the Dungeon)
 B - the +8 mace of Untruth {antimagic, +Fly rC+ Dex+2, unknown}
   (You found it on level 6 of the Dungeon)

   It reduces the magical energy of the wielder, and disrupts the spells and
   magical abilities of those hit.
   Natural abilities and divine invocations are not affected.
   It affects your dexterity (+2).
   It protects you from cold.
   It lets you fly.
Missiles
 c - 179 stones (quivered)
 g - 47 sling bullets
 q - 7 tomahawks
 D - 3 tomahawks of dispersal {=f}
 E - a throwing net {=f, !d}
Armour
 y - a +0 pair of gloves (worn)
   (You found it on level 5 of the Dungeon)
 G - a +0 plate armour (worn)
   (You found it on level 7 of the Dungeon)
Jewellery
 A - an uncursed ring of loudness {Stlth-}
   (You found it on level 5 of the Dungeon)
 I - a +3 ring of strength (left hand)
   (You found it on level 9 of the Dungeon)
Wands
 a - a wand of paralysis (11)
   (You took it off an orc warrior on level 8 of the Dungeon)
 l - a wand of flame (38)
   (You found it on level 3 of the Dungeon)
Scrolls
 d - 6 scrolls of identify {unknown}
 e - a scroll of remove curse
 f - 3 scrolls of fear {unknown}
 i - a scroll of immolation {unknown}
 k - 2 scrolls of amnesia {unknown}
 m - a scroll of fog {unknown}
 p - a scroll of enchant weapon {unknown}
 v - 4 scrolls of blinking {unknown}
 x - a scroll of acquirement {unknown}
 F - a scroll of teleportation {unknown}
 H - a scroll of torment {unknown}
Potions
 h - a potion of ambrosia {unknown}
 j - 2 potions of heal wounds {unknown}
 n - 2 potions of curing {unknown}
 o - a potion of resistance {unknown}
 r - 3 potions of magic {unknown}
 s - 2 potions of flight {unknown}
 t - 2 potions of lignification {unknown}
 w - a potion of cancellation {unknown}
 z - a potion of invisibility {unknown}
 C - a potion of brilliance {unknown}
 J - 2 potions of degeneration {unknown}
Comestibles
 b - 11 rations


   Skills:
 - Level 5.0 Fighting
 + Level 4.2 Armour
 - Level 2.6 Dodging
 - Level 2.1 Stealth
 + Level 13.3 Unarmed Combat
 + Level 4.4 Invocations


You had 9 spell levels left.
You didn't know any spells.

Dungeon Overview and Level Annotations

Branches:
Dungeon (9/15)             Temple (1/1) D:6            Lair (0/6) D:8
    Orc: D:9-12

Altars:
Ashenzari
Cheibriados
Dithmenos
Fedhas
Gozag
Hepliaklqana
Kikubaaqudgha
Makhleb
Nemelex Xobeh
Okawaru
Qazlal
Ru
Sif Muna
Trog
Uskayaw
Vehumet
Wu Jian
Xom
Yredelemnul
Zin
The Shining One

Shops:
D:4 *   D:9 *

Annotations:
D:7 exclusion: orc wizard


Innate Abilities, Weirdness & Mutations

Your body is rotting away.
You thrive on raw meat.
You are immune to poison.
You have sharp fingernails.
You are carnivorous and can eat meat at any time.
Your flesh is cold resistant. (rC+)
You are immune to negative energy. (rN+++)
You do not regenerate when monsters are visible.
You are immune to unholy pain and torment.
You can survive without breathing.


Message History

Okay, then.
You can access your shopping list by pressing '$'.
Magic restored.
b - 11 rations (gained 1)
J - 2 inky potions
d - 6 scrolls labeled ZAUCOU BIKUH (gained 1) Key pressed, stopping explore.
You now have 376 gold pieces (gained 9).
You can no longer animate legions of the dead.
Yredelemnul will no longer gift you servants.
HP restored.
A bullfrog skeleton comes into view.
You hit the bullfrog skeleton.
The bullfrog skeleton is lightly damaged.
The bullfrog skeleton barely misses you.
You pummel the bullfrog skeleton!!
The bullfrog skeleton is almost destroyed.
The bullfrog skeleton hits you but does no damage.
You hit the bullfrog skeleton.
The bullfrog skeleton is almost destroyed.
The bullfrog skeleton hits you but does no damage.
You pummel the bullfrog skeleton!!
You destroy the bullfrog skeleton!
Yredelemnul accepts your kill.
No target in view!
v - 4 scrolls labeled YMUATTAOWU (gained 1)
A sky beast comes into view.
An adder and a two-headed ogre come into view.
The two-headed ogre shouts in stereo!
The sky beast flickers out of sight!
Deactivating autopickup; reactivate with Ctrl-A.
Found a stone staircase leading down.
The adder bites you. Something hits you but does no damage.
The adder bites you but does no damage.
You closely miss the adder. Something hits you but does no damage.
The adder closely misses you.
You closely miss the adder. You punch the adder!
The adder is almost dead.
You barely miss the adder.
The adder is almost dead.
The adder bites you but does no damage. Something completely misses you.
A quokka skeleton comes into view.
You closely miss the adder.
The adder is almost dead.
The adder closely misses you. Something hits you but does no damage.
You hit the adder.
You kill the adder!
Yredelemnul accepts your kill.
A sky beast appears from thin air!
Reactivating autopickup.
The sky beast barely misses you. The two-headed ogre barely misses you.
The two-headed ogre hits you with a dire flail.
The two-headed ogre hits you with a giant spiked club!
The two-headed ogre hits you with a dire flail!
You offer yourself to Yredelemnul, and are filled with unholy energy.
The sky beast flickers out of sight!
Deactivating autopickup; reactivate with Ctrl-A.
The two-headed ogre barely misses you.
The two-headed ogre hits you with a dire flail!
Yredelemnul mirrors your injury!
The two-headed ogre is lightly wounded.
You miss something. Something hits you but does no damage.
You hit something. You miss something. Something hits you.
Something shocks you. Yredelemnul mirrors your injury!
You closely miss something. Something hits you. Something shocks you.
Yredelemnul mirrors your injury!
You barely miss something. You hit something. You punch something.
Something hits you but does no damage.
You hit something. Yredelemnul accepts your kill.
Reactivating autopickup.
You feel a bit more experienced.
You punch the two-headed ogre!
The two-headed ogre is moderately wounded.
You hit the two-headed ogre but do no damage.
The two-headed ogre is moderately wounded.
Your dark mirror aura disappears.
The two-headed ogre hits you with a giant spiked club.
The two-headed ogre barely misses you.
You punch the two-headed ogre!
The two-headed ogre is heavily wounded.
You barely miss the two-headed ogre.
The two-headed ogre is heavily wounded.
The two-headed ogre hits you with a giant spiked club.
The two-headed ogre barely misses you.
You closely miss the two-headed ogre.
The two-headed ogre is heavily wounded.
The two-headed ogre hits you with a giant spiked club.
* * * LOW HITPOINT WARNING * * *
The two-headed ogre hits you with a dire flail.
* * * LOW HITPOINT WARNING * * *
You barely miss the two-headed ogre.
The two-headed ogre is heavily wounded.
You punch the two-headed ogre!
The two-headed ogre is heavily wounded.
The two-headed ogre hits you with a giant spiked club!!
You die...
Yredelemnul claims you as an undead slave.

#..÷.# ### ########...##
... ...........#
#.##########..## .
≈†#....# #..#####...
.#####
#.#.##.#####.......... .
.).....
#.......#.##.######.....
..##..#
#.##.#..#.##.######.....
.......
..............ZO@.......
>.....P
#.#.......##.###########
......P #.####.#####.#
..#...P ..# #.# ...
....... ### #.# ...#.
.###.#. #.# #...#.# #...
... #...# . ##.. #.
###.# ## #.. #..


You could see a two-headed ogre and a quokka skeleton.

Vanquished Creatures
  A two-headed ogre (D:9)
  A hippogriff (D:7)
  2 hungry ghosts (D:7)
  2 porcupines (D:8)
  A sky beast (D:9)
  2 ogres
  2 phantoms
  An orc warrior (D:8)
  An ice beast (D:8)
  A centaur (D:5)
  A crocodile (D:8)
  A big kobold (D:8)
  2 bullfrogs (D:8)
  A wyvern zombie (D:6)
  4 scorpions
  2 crimson imps
  A howler monkey (D:8)
  2 orc priests
  3 bullfrog skeletons
  3 jellies
  2 orc wizards
  9 worker ants
  A killer bee zombie (D:7)
  A hound skeleton (D:8)
  3 gnolls
  10 adders
  2 oozes
  2 adder skeletons
  4 worms
  2 dart slugs
  7 leopard geckos
  18 orcs
  3 giant cockroaches
  10 goblins
  A hobgoblin (D:2)
  15 jackals
  7 kobolds
  4 quokkas
  9 bats
  4 frilled lizards
  A leopard gecko skeleton (D:5)
  7 rats
156 creatures vanquished.

Vanquished Creatures (collateral kills)
  A two-headed ogre (D:8)
1 creature vanquished.

Vanquished Creatures (others)
  A bullfrog zombie (D:8)
  A porcupine skeleton (D:8)
  A goblin (D:2)
  A frilled lizard (D:2)
  A jackal skeleton (D:8)
  2 jackal zombies (D:8)
  2 fungi (D:8)
9 creatures vanquished.

Grand Total: 166 creatures vanquished

Notes
Turn   | Place    | Note
-------+----------+-------------------------------------------
     0 | D:1      | sankara the Ghoul Monk began the quest for the Orb.
     0 | D:1      | Reached XP level 1. HP: 19/19 MP: 0/0
   606 | D:1      | Reached XP level 2. HP: 26/26 MP: 1/1
   607 | D:1      | Reached skill level 4 in Unarmed Combat
  1311 | D:2      | Found a radiant altar of Vehumet.
  1312 | D:2      | Reached XP level 3. HP: 30/31 MP: 2/2
  1322 | D:2      | You fall through a shaft!
  1502 | D:2      | Reached skill level 5 in Unarmed Combat
  1611 | D:2      | Found a bloodstained altar of Trog.
  1694 | D:2      | Reached XP level 4. HP: 19/38 MP: 3/3
  2247 | D:3      | Reached skill level 6 in Unarmed Combat
  2247 | D:3      | Reached XP level 5. HP: 40/44 MP: 4/4
  2723 | D:4      | Found a blossoming altar of Fedhas.
  2767 | D:4      | Noticed an ogre
  2775 | D:4      | HP: 11/45 [ogre/giant spiked club (24)]
  2791 | D:4      | Killed an ogre
  2791 | D:4      | Reached skill level 7 in Unarmed Combat
  2791 | D:4      | Reached XP level 6. HP: 19/51 MP: 5/5
  2992 | D:4      | Found a hazy altar of Hepliaklqana.
  3338 | D:4      | Found an opulent altar of Gozag.
  3347 | D:4      | Found Gozag's Platinum Reserve.
  3411 | D:4      | Reached skill level 8 in Unarmed Combat
  3438 | D:4      | Found a shimmering altar of Xom.
  3556 | D:4      | Found an iron altar of Okawaru.
  3558 | D:4      | Found a hide-covered altar of Uskayaw.
  3588 | D:5      | Entered Level 5 of the Dungeon
  3618 | D:5      | Reached XP level 7. HP: 42/57 MP: 6/6
  3745 | D:5      | Found a sparkling altar of Nemelex Xobeh.
  3806 | D:5      | Reached skill level 9 in Unarmed Combat
  4449 | D:6      | Found a staircase to the Ecumenical Temple.
  4450 | D:6      | Got a faintly glowing mace
  4457 | Temple   | Entered the Ecumenical Temple
  4564 | Temple   | Became a worshipper of Yredelemnul the Dark
  4564 | Temple   | Reached * piety under Yredelemnul
  4564 | Temple   | Reached ** piety under Yredelemnul
  4645 | D:6      | Reached skill level 10 in Unarmed Combat
  4656 | D:6      | Found a deep blue altar of Sif Muna.
  4671 | D:6      | Reached XP level 8. HP: 20/60 MP: 7/7
  5200 | D:6      | Found a shadowy altar of Dithmenos.
  5200 | D:6      | Found a glowing silver altar of Zin.
  5637 | D:7      | Reached skill level 11 in Unarmed Combat
  6058 | D:7      | Found a shimmering altar of Xom.
  6217 | D:7      | Found a deep blue altar of Sif Muna.
  6488 | D:7      | Reached skill level 12 in Unarmed Combat
  6621 | D:7      | Noticed a hippogriff
  6629 | D:7      | Killed a hippogriff
  6629 | D:7      | Reached XP level 9. HP: 42/69 MP: 8/8
  6845 | D:8      | Reached skill level 1 in Armour
  6863 | D:8      | HP: 11/71 [porcupine's spines (14)]
  6864 | D:8      | Reached skill level 4 in Fighting
  6906 | D:8      | Reached skill level 2 in Armour
  6906 | D:8      | Reached skill level 1 in Invocations
  6914 | D:8      | Noticed a two-headed ogre
  6929 | D:8      | Killed a two-headed ogre
  6929 | D:8      | Reached *** piety under Yredelemnul
  6929 | D:8      | Reached skill level 5 in Fighting
  6929 | D:8      | Reached skill level 2 in Invocations
  7174 | D:8      | Reached skill level 3 in Armour
  7257 | D:8      | Reached skill level 13 in Unarmed Combat
  7257 | D:8      | Reached skill level 3 in Invocations
  7396 | D:8      | Found a staircase to the Lair.
  7396 | D:8      | Paralysed by an orc warrior for 4 turns
  7517 | D:9      | Found Zakhlokudwy's Assorted Antiques.
  7517 | D:9      | Noticed a two-headed ogre
  7523 | D:9      | Killed a two-headed ogre
  7523 | D:9      | Reached skill level 4 in Armour
  7523 | D:9      | Reached skill level 4 in Invocations
  7523 | D:9      | Reached XP level 10. HP: 39/81 MP: 10/12
  7617 | D:9      | Noticed a two-headed ogre
  7651 | D:9      | HP: 17/81 [two-headed ogre/giant spiked club (6)]
  7653 | D:9      | Mangled by a two-headed ogre

Vault maps used:
D:1:      dpeg_arrival_solitude
D:2:      marbit_many_paths, fiery_altar_vehumet
D:4:      nicolae_gozag_zags_fifth_avenue, tgw_xom, kennysheep_mini_moat,
          nicolae_overflow_hidden_temple, lemuel_round_altar
D:5:      kennysheep_little_box, first_ration
D:6:      lemuel_doored_altar, minitemple, serial_co_window_serial,
          co_window_paths_a, co_window_paths_a, co_window_corner_a,
          co_window_paths_a, co_window_paths_a, co_window_broadway_b,
          co_window_broadway_b, co_window_2corner, co_window_broadway_b,
          co_window_broadway_b, glass_columns_a
D:7:      basic_altar, led_sif_book
D:8:      grunt_lair_entry_orc_guard_hut
D:9:      kennysheep_mini, serial_shops, nicolae_shop_overgrown_old_shop,
          basic_altar, grunt_ogre_cave
Temple:   dpeg_three_leaves_temple

Skill      XL: |  1  2  3  4  5  6  7  8  9 |
---------------+----------------------------+-----
Unarmed Combat | 4 5 6 7 8 10 12 13 | 13.3
Armour         | 4 |  4.2
Fighting       | 5 |  5.0
Invocations    | 4 |  4.4
Dodging        | |  2.6
Stealth        | |  2.1

Action                   |  1- 3 |  4- 6 |  7- 9 | 10-12 || total
-------------------------+-------+-------+-------+-------++-------
Melee: Unarmed           |   109 |   168 |   300 |    23 ||   600
       Punch             |       |     5 |    12 |     2 ||    19
Throw: Stone             |       |       |    33 |       ||    33
Invok: Animate Remains   |       |       |     5 |       ||     5
       Injury Mirror     |       |       |     1 |     1 ||     2
  Use: Scroll            |       |       |     1 |       ||     1
 Stab: Sleeping          |     4 |     8 |     3 |       ||    15
  Eat: Chunk             |    11 |    29 |    44 |     4 ||    88
Armor: Robe              |    30 |    17 |    20 |       ||    67
       Plate armour      |       |       |    47 |     9 ||    56
Dodge: Dodged            |    92 |    90 |   108 |     9 ||   299

Table legend:
 A = Spawn XP
 B = Non-spawn XP
 C = Spawn XP percentage of total XP
 D = Spawn monster count
 E = Non-spawn monster count
 F = Spawn count percentage of total count
 G = Total turns spent on level
                    A         B        C        D         E        F      G
               +---------+---------+-------+---------+---------+-------+---------
         Total |       0 |    5477 |   0.0 |       0 |     157 |   0.0 |  7653
               +---------+---------+-------+---------+---------+-------+---------
           D:1 |       0 |      32 |   0.0 |       0 |      19 |   0.0 |  1292
           D:2 |       0 |      64 |   0.0 |       0 |      19 |   0.0 |   700
           D:3 |       0 |     132 |   0.0 |       0 |      28 |   0.0 |   730
           D:4 |       0 |     339 |   0.0 |       0 |      17 |   0.0 |   866
           D:5 |       0 |     466 |   0.0 |       0 |      14 |   0.0 |   837
           D:6 |       0 |     325 |   0.0 |       0 |      11 |   0.0 |  1215
           D:7 |       0 |    1155 |   0.0 |       0 |      15 |   0.0 |  1162
           D:8 |       0 |    1896 |   0.0 |       0 |      30 |   0.0 |   590
           D:9 |       0 |    1068 |   0.0 |       0 |       4 |   0.0 |   144
               +---------+---------+-------+---------+---------+-------+---------

Vault maps used:
D:1:      dpeg_arrival_solitude
D:2:      marbit_many_paths, fiery_altar_vehumet
D:4:      nicolae_gozag_zags_fifth_avenue, tgw_xom, kennysheep_mini_moat,
          nicolae_overflow_hidden_temple, lemuel_round_altar
D:5:      kennysheep_little_box, first_ration
D:6:      lemuel_doored_altar, minitemple, serial_co_window_serial,
          co_window_paths_a, co_window_paths_a, co_window_corner_a,
          co_window_paths_a, co_window_paths_a, co_window_broadway_b,
          co_window_broadway_b, co_window_2corner, co_window_broadway_b,
          co_window_broadway_b, glass_columns_a
D:7:      basic_altar, led_sif_book
D:8:      grunt_lair_entry_orc_guard_hut
D:9:      kennysheep_mini, serial_shops, nicolae_shop_overgrown_old_shop,
          basic_altar, grunt_ogre_cave
Temple:   dpeg_three_leaves_temple

Table legend:
 A = Turns spent in this place as a percentage of turns spent in the entire game.
 B = Non-inter-level travel turns spent in this place as a percentage of non-inter-level travel turns spent in the entire game.
 C = Inter-level travel turns spent in this place as a percentage of turns spent in this place.
 D = Turns resting spent in this place as a percentage of non-inter-level travel turns spent in this place.
 E = Turns spent auto-exploring this place as a percentage of non-inter-level travel turns spent in this place.
 F = Non-inter-level travel turns spent in this place divided by the number of levels of this place that you've seen.
                   A       B       C       D       E      F
               +-------+-------+-------+-------+-------+----------------------
         Total | 100.0 | 100.0 |   3.1 |  20.3 |  57.1 | 741.2
       Dungeon |  98.5 |  98.9 |   2.7 |  20.5 |  56.8 | 814.3
        Temple |   1.5 |   1.1 |  29.1 |   0.0 |  80.7 |  83.0
               +-------+-------+-------+-------+-------+----------------------

Table legend:
 A = Kills in this place as a percentage of kills in entire the game.
 B = Kills by you in this place as a percentage of kills by you in the entire game.
 C = Kills by friends in this place as a percentage of kills by friends in the entire game.
 D = Other kills in this place as a percentage of other kills in the entire game.
 E = Experience gained in this place as a percentage of experience gained in the entire game.
 F = Experience gained in this place divided by the number of levels of this place that you have seen.
                   A       B       C       D       E      F
               +-------+-------+-------+-------+-------+----------------------
         Total | 100.0 | 100.0 | 100.0 |   N/A | 100.0 | 547.7
       Dungeon | 100.0 | 100.0 | 100.0 |   N/A | 100.0 | 608.6
               +-------+-------+-------+-------+-------+----------------------
